 Dungeon Crawl Stone Soup version 0.32-a0-791-gfc315c9ecd (webtiles) character file.

Game seed: 3265645127279517472

38 warriortoast the Conjurer (level 3, 23/23 HPs)
             Began as an Octopode Conjurer on Mar 20, 2024.
             Was a Follower of Elyvilon.
             Got out of the dungeon alive.
             The game lasted 00:04:01 (1257 turns).

warriortoast the Conjurer (Octopode Conjurer)       Turns: 1257, Time: 00:04:02

Health: 23/23      AC:  1    Str:  6    XL:     3   Next: 43%
Magic:  15/15      EV: 12    Int: 20    God:    Elyvilon [*.....]
Gold:   46         SH:  0    Dex: 12    Spells: 5/6 levels left

rFire   . . .        b - +0 short sword
rCold   . . .        (no shield)
rNeg    . . .        (helmet restricted)
rPois   .            k - amulet of regeneration
rElec   .            e - ring of magical power
rCorr   .            (no ring)
SInv    .            (no ring)
Will    .....        (no ring)
Stlth   +++          (no ring)
HPRegen 1.03/turn    (no ring)
MPRegen 0.14/turn    (no ring)
                     (no ring)

%: no passive effects
@: no status effects
A: almost no armour, amphibious, 8 rings, camouflage 1, gelatinous body 1,
(nimble swimmer 1), tentacles
a: Renounce Religion, Purification


You escaped.
You worshipped Elyvilon.
Elyvilon was aware of your devotion.
You visited 1 branch of the dungeon, and saw 3 of its levels.

You collected 46 gold pieces.

Inventory:

Hand Weapons
 b - a +0 short sword (weapon)
 c - a +0 sling
Jewellery
 e - a ring of magical power (left tentacle)
 k - an amulet of regeneration (around mantle)
Scrolls
 d - a scroll of identify {unknown}
 g - a scroll of teleportation {unknown}
 h - a scroll of silence {unknown}
Potions
 a - a potion of magic
 f - a potion of enlightenment {unknown}
 i - a potion of might {unknown}
 j - a potion of curing {unknown}
 l - a potion of haste {unknown}


   Skills:
 + Level 1.1 Fighting
 + Level 2.4 Dodging
 + Level 3.3 Stealth
 + Level 2.3 Spellcasting
 + Level 4.2 Conjurations


You had 5 spell levels left.
You knew the following spells:

 Your Spells              Type           Power      Damage    Failure   Level
a - Magic Dart            Conj           76%        1d6       2%          1

Your spell library contained the following spells:

 Spells                   Type           Power      Damage    Failure   Level
 Searing Ray              Conj           38%        2d5       4%          2
 Tukima's Dance           Hex            2%         N/A       41%         3
 Fulminant Prism          Conj/Alch      5%         3d7       54%         4
 Iskenderun's Mystic Bla  Conj/Tloc      10%        2d4       54%         4
 Passage of Golubria      Tloc           2%         N/A       83%         4
 Yara's Violent Unravell  Hex/Alch       1%         3d3       99%         5


Dungeon Overview and Level Annotations

Branches:
Dungeon (3/15)

Altars:
Elyvilon

Shops:
D:1 ?


Innate Abilities, Weirdness & Mutations

You cannot wear most types of armour.
You are amphibious.
You can wear up to eight rings at the same time.
Your skin changes colour to match your surroundings (Stealth+).
Your rubbery body absorbs attacks. (AC +1, EV +1)
((You are camouflaged when in or above water. (Stealth+)))
You have tentacles for arms and can constrict up to eight enemies at once.


Message History

Found a stone staircase leading down.
l - a bubbling orange potion
There is a stone staircase leading down here.
You climb downwards.
There is a stone staircase leading up here.
Found a robe.
A bat comes into view.
A bat is nearby!
No reachable target in view!
You see here a scroll labelled DABO ZOCEMP.
An orc comes into view. It is wielding a +0 flail.
You see here a +0 robe.
Found a ring mail.
An orc is nearby!
You can't go up here!
The magic dart hits the orc.
You kill the orc!
You can't see any susceptible monsters within range! (Use Z to cast anyway.)
You can't see any susceptible monsters within range! (Use Z to cast anyway.)
You can't see any susceptible monsters within range! (Use Z to cast anyway.)
You see here a +0 robe.
You can't go up here!
A bat is nearby!
Things that are here:
a +0 flail; a scroll labelled DABO ZOCEMP; an orc corpse
There is a stone staircase leading up here.
You climb upwards.
There is a stone staircase leading down here.
There's nothing to close nearby.
There is a stone staircase leading up here.
You climb upwards.
There is a stone staircase leading down here.
You see here a +0 club.
There is a stone staircase leading down here.
There is an open gate here.
There is an open door here.
There is an open door here.
There is an open door here.
There is a staircase leading out of the dungeon here.
You have escaped!

.#..# ######## #.....###.. #..##
#......####..P.♣....# ..##
#..............PPP.## ###
#.......###.P♣.♣♣P.[# .## ###
#.......###PP♣♣♣PP..# ..#
#.###########...#.P♣♣♣♣.P.#
#.#####.#♣....'...#.#.#P.P♣♣♣P...
......#.##'####...#.#.#......#.##
........#♣.♣♣♣#.@.#.#.#..#####.#
........#♣♣..♣#...#.#..#.# ###.#
#.####.## ♣♣♣.#...#..#.#.###...##
#..# #.######'#####......♣.♣.♣...
##.# #.##.........####.........#.
##.###.##...[.....####.>.♣[♣.♣###
........#.........#.##...#..#....
##.....##≈.......~#.####....#####
##.######≈.≈...~.~#.# ##.#..####


There were no monsters in sight!

Vanquished Creatures
  A dart slug (D:2)
  An orc (D:3)
  6 endoplasms
  A giant cockroach (D:2)
  5 goblins
  4 hobgoblins
  3 quokkas (D:1)
  A ball python (D:1)
  2 bats (D:1)
  3 frilled lizards (D:1)
  2 kobolds (D:1)
  3 rats (D:1)
32 creatures vanquished.

Notes
Turn   | Place    | Note
-------+----------+-------------------------------------------
     0 | D:1      | warriortoast the Octopode Conjurer began the quest for the
                  | Orb.
     0 | D:1      | Reached XP level 1. HP: 11/11 MP: 3/3
    88 | D:1      | Reached XP level 2. HP: 18/18 MP: 0/5
   299 | D:1      | Found Gioz's Magic Scroll Shop.
   645 | D:1      | Reached XP level 3. HP: 22/22 MP: 6/6
   727 | D:1      | Reached skill level 1 in Fighting
   789 | D:1      | Found a faded altar of an unknown god.
   796 | D:1      | Prayed at the altar of an unknown god.
   796 | D:1      | Became a worshipper of Elyvilon the Healer
   796 | D:1      | Reached * piety under Elyvilon
  1257 | D:$      | Got out of the dungeon alive.

Illustrated notes

Levels and vault maps discovered:
D:1:      scummos_arrival_gate, layout_rooms, serial_shops, shop, serial_forest,
          infiniplex_forest_straight_4, infiniplex_forest_lined_1,
          infiniplex_forest_clump_small, infiniplex_forest_end_double,
          infiniplex_forest_end_1, infiniplex_forest_clump_medium,
          infiniplex_forest_straight_4, infiniplex_forest_straight_2,
          infiniplex_forest_lined_2,
          dreamdust_ecumenical_altar_hidden_monk_grotto
D:2:      layout_basic, chequers_serial_rivers_large_a,
          chequers_serial_rivers_micro_d
D:3:      layout_loops_corners, serial_co_window_serial, co_window_corner_a,
          co_window_of_opportunity_a, co_window_paths_b, co_window_paths_a,
          co_window_paths_a, co_window_unsneaky_path_d, co_window_corner_ca,
          co_window_cross_3, co_window_paths_c, co_window_4corner_a,
          co_window_paths_e

Skill      XL: |  1  2  3 |
---------------+----------+-----
Stealth        | 3 |  3.3
Fighting       | 1 |  1.1
Dodging        | |  2.4
Spellcasting   | |  2.3
Conjurations   | |  4.2

Action                     || total
---------------------------++-------
  Melee: Short sword       ||    11
         Constrict         ||     2
   Fire: Sling             ||     5
   Cast: Magic Dart        ||    44
   Stab: Sleeping          ||     6
 Armour: Skin              ||    13
  Dodge: Dodged            ||    12

Table legend: (Time is in decaauts)
 A = Elapsed time spent in this place.
 B = Non-inter-level travel time spent in this place.
 C = Inter-level travel time spent in this place.
 D = Time resting spent in this place.
 E = Time spent auto-exploring this place.
 F = Levels seen in this place.
 G = Mean time per level.
                   A        B        C        D        E       F      G
               +--------+--------+--------+--------+--------+-----+--------+
         Total |   1257 |   1171 |     86 |      0 |    976 |   3 |  419.0 |
       Dungeon |   1257 |   1171 |     86 |      0 |    976 |   3 |  419.0 |
               +--------+--------+--------+--------+--------+-----+--------+

Top non-repeatable levels by time:
     D:1: 959 daAuts
     D:2: 251 daAuts
     D:3: 46 daAuts
